 Dungeon Crawl Stone Soup version 0.19.5 (webtiles) character file.

74 tidbits the Slasher (level 4, -2/28 HPs)
             Began as a High Elf Wanderer on Oct 30, 2017.
             Was an Initiate of Makhleb.
             Slain by Grinder (4 damage)
             ... on level 4 of the Dungeon.
             The game lasted 00:07:36 (913 turns).

tidbits the Slasher (High Elf Wanderer)              Turns: 913, Time: 00:07:37

Health: -2/28      AC:  3    Str: 12    XL:     4   Next: 9%
Magic:  6/6        EV: 23    Int: 16    God:    Makhleb [......]
Gold:   93         SH:  0    Dex: 22    Spells: 1 memorised, 4 levels left

rFire  + . .     SeeInvis .     a - +2 falchion
rCold  + . .     Gourm    .     e - +0 robe
rNeg   . . .     Faith    .     (no shield)
rPois  +         Spirit   .     (no helmet)
rElec  +         Reflect  .     C - +0 cloak
rCorr  +         Harm     .     (no gloves)
MR     .....                    (no boots)
Stlth  ++++......               (no amulet)
                                X - +3 ring of dexterity
                                V - +4 ring of evasion

@: agile, resistant
A: no striking features
a: Renounce Religion


You were on level 4 of the Dungeon.
You worshipped Makhleb.
Makhleb was noncommittal.
You were not hungry.

You visited 1 branch of the dungeon, and saw 5 of its levels.

You collected 93 gold pieces.

Inventory:

Hand Weapons
 a - a +2 falchion (weapon)
 d - a +0 dagger
 m - a +0 hand axe of venom
   (You found it on level 1 of the Dungeon)
 t - a +3 dagger
   (You found it on level 2 of the Dungeon)
 y - a +0 flail
   (You took it off a gnoll on level 2 of the Dungeon)
Missiles
 g - 56 stones (quivered)
 j - 36 sling bullets
 r - 101 arrows
 v - a throwing net {!f}
Armour
 e - a +0 robe (worn)
 C - a +0 cloak (worn)
   (You found it on level 5 of the Dungeon)
Jewellery
 V - a +4 ring of evasion (left hand)
   (You found it on level 3 of the Dungeon)
 X - a +3 ring of dexterity (right hand)
   (You found it on level 2 of the Dungeon)
Wands
 n - a wand of flame (11/48)
   (You found it on level 2 of the Dungeon)
 s - a wand of slowing (8/48)
   (You found it on level 2 of the Dungeon)
Scrolls
 f - 2 scrolls of teleportation
 h - 5 scrolls of remove curse {unknown}
 i - 2 scrolls of enchant weapon {unknown}
 o - a scroll of amnesia {unknown}
 q - a scroll of recharging {unknown}
 u - a scroll of blinking {unknown}
 w - a scroll of noise {unknown}
Potions
 l - a potion of magic
Books
 b - the Disquisition on Dislocation

   Spells                             Type                      Level
   a - Apportation                    Translocation                1
   b - Teleport Other                 Translocation                3
Comestibles
 c - 2 bread rations
 k - 5 fruits


   Skills:
 + Level 1.0 Fighting
 * Level 4.2 Long Blades
 - Level 2.6 Dodging
 - Level 3.2 Stealth
   Level 1.0 Shields
 - Level 1.2 Spellcasting
   Level 1.1 Conjurations
   Level 1.2 Charms


You had 4 spell levels left.
You knew the following spells:

 Your Spells              Type           Power        Failure   Level  Hunger
a - Apportation           Tloc           #.........   24%         1    ##.....


Dungeon Overview and Level Annotations

Branches:
Dungeon (5/15)
 Temple: D:4-7

Altars:
Makhleb
Qazlal

Annotations:
D:4 Grinder


Message History

l - a cloak Wear which item? (? for menu, Esc to quit)
You feel sick.
You start putting on your armour.
You continue putting on your cloak. x4
You feel sick.
You finish putting on your +0 cloak.
Adjust (i)tems, (s)pells, or (a)bilities?
Adjust which item? (? for menu, Esc to quit)
l - a +0 cloak (worn)
Adjust to which letter? (? for menu, Esc to quit)
C - a +0 cloak (worn)
You feel sick.
You are no longer poisoned.
You see here a robe.
Found 29 stones and 13 gold pieces.
Found 2 bubbling dark potions.
You see here 29 stones.
g - 56 stones (gained 29)
Found a scroll labeled MIT QEOMIRU.
Found a stone staircase leading down.
Found 15 sling bullets.
Found 12 gold pieces.
Found a stone staircase leading up.
Found 13 arrows.
You see here 2 bubbling dark potions.
l - 2 bubbling dark potions You see here 13 gold pieces.
You now have 81 gold pieces (gained 13).
Found 13 arrows and a puce potion.
You see here 12 gold pieces.
You now have 93 gold pieces (gained 12).
You see here 15 sling bullets.
j - 36 sling bullets (gained 15)
You see here 13 arrows.
r - 88 arrows (gained 13)
You see here a puce potion.
z - a puce potion You see here 13 arrows.
r - 101 arrows (gained 13)
There is a stone staircase leading up here.
You climb upwards.
Grinder comes into view.
Grinder shouts!
There is a stone staircase leading down here.
Evoke which item? (* to show all) (? for menu, Esc to quit)
Okay, then.
It was a potion of magic.
Magic courses through your body.
Grinder says, "Wait up."
It was a potion of resistance.
You feel protected. Grinder gestures at you.
You suddenly lose the ability to move!
Grinder gestures at you. You resist with significant effort. Grinder hits you!
* * * LOW HITPOINT WARNING * * *
You writhe in agony.
* * * LOW HITPOINT WARNING * * *
You can move again.
It was a potion of agility.
You feel agile all of a sudden. Grinder gestures at you.
You barely resist.
It was a potion of curing.
You feel better. Grinder closely misses you.
You riposte.
You hit Grinder but do no damage.
Evoke which item? (* to show all) (? for menu, Esc to quit)
Zapping:
n - a wand of flame (will waste charges)
Press: ? - help, Shift-Dir - straight line, f - Grinder
Aim: Grinder The puff of flame hits Grinder.
Grinder is lightly wounded.
Evoking this partially-identified wand wasted a few charges.
Grinder completely misses you.
Evoke which item? (* to show all) (? for menu, Esc to quit)
Zapping:
s - a wand of slowing (will waste charges)
Press: ? - help, Shift-Dir - straight line, f/p - Grinder
Aim: Grinder (lightly wounded, chance to defeat MR: 51%) Grinder resists with significant effort.
Evoking this partially-identified wand wasted a few charges.
Grinder gestures at you. Pain shoots through your body!
* * * LOW HITPOINT WARNING * * *
Evoke which item? (* to show all) (? for menu, Esc to quit)
Zapping:
s - a wand of slowing {zapped: 2} (will waste charges)
Press: ? - help, Shift-Dir - straight line, f/p - Grinder
Aim: Grinder (lightly wounded, chance to defeat MR: 51%) Grinder seems to slow down.
Evoking this partially-identified wand wasted a few charges.
Grinder completely misses you.
You hit Grinder but do no damage.
Grinder is lightly wounded.
Grinder hits you!
* * * LOW HITPOINT WARNING * * *
Okay, then.
You barely miss Grinder.
Grinder is lightly wounded.
You completely miss Grinder.
Grinder is lightly wounded.
Grinder hits you.
* * * LOW HITPOINT WARNING * * *
You writhe in agony.
You die... ## # .. #.##.###.##### #....5@....... ##############

You could see Grinder.

Vanquished Creatures
  2 gnolls (D:2)
  3 adders
  2 dart slugs
  2 leopard geckos (D:2)
  A goblin (D:2)
  3 hobgoblins
  2 jackals (D:2)
  2 kobolds
  A quokka (D:2)
  2 bats
  A frilled lizard (D:5)
  3 rats
24 creatures vanquished.

Notes
Turn   | Place    | Note
-------+----------+-------------------------------------------
     0 | D:1      | tidbits the High Elf Wanderer began the quest for the Orb.
     0 | D:1      | tidbits set off with: a +2 falchion, the Disquisition on Dislocation, a scroll of teleportation, a +0 robe, a +0 dagger, a bread ration
     0 | D:1      | Reached XP level 1. HP: 13/13 MP: 3/3
    36 | D:1      | Identified the Disquisition on Dislocation
    38 | D:1      | Learned a level 1 spell: Apportation
   138 | D:3      | Noticed an orc wizard
   147 | D:2      | Reached skill level 1 in Dodging
   163 | D:3      | Reached XP level 2. HP: 14/18 MP: 4/4
   194 | D:3      | Reached skill level 3 in Long Blades
   416 | D:2      | Reached XP level 3. HP: 18/23 MP: 5/5
   429 | D:2      | Reached skill level 2 in Dodging
   513 | D:2      | Found a burning altar of Makhleb.
   514 | D:2      | Found a stormy altar of Qazlal.
   520 | D:2      | Became a worshipper of Makhleb the Destroyer
   634 | D:2      | Reached skill level 4 in Long Blades
   778 | D:5      | Entered Level 5 of the Dungeon
   805 | D:5      | Reached XP level 4. HP: 8/28 MP: 6/6
   899 | D:4      | Noticed Grinder
   901 | D:4      | Paralysed by Grinder for 5 turns
   913 | D:4      | HP: 2/28 [Grinder (2)]
   913 | D:4      | Slain by Grinder

Skill      XL: |  1  2  3 |
---------------+----------+-----
Dodging        | 1 2 |  2.6
Long Blades    | 3 4 |  4.2
Fighting       | |  1.0
Stealth        | |  3.2
Shields        | |  1.0
Spellcasting   | |  1.2
Conjurations   | |  1.1
Charms         | |  1.2

Action                   |  1- 3 |  4- 6 || total
-------------------------+-------+-------++-------
Melee: Falchion          |    67 |     4 ||    71
Throw: Stone             |     6 |       ||     6
 Cast: Apportation       |     2 |       ||     2
Evoke: Wand              |       |     3 ||     3
  Use: Potion            |       |     5 ||     5
 Stab: Sleeping          |     5 |       ||     5
Armor: Robe              |     3 |       ||     3
Dodge: Dodged            |    64 |     3 ||    67
       Rpst.: Falchion   |    22 |     1 ||    23

Table legend:
 A = Turns spent in this place as a percentage of turns spent in the entire game.
 B = Non-inter-level travel turns spent in this place as a percentage of non-inter-level travel turns spent in the entire game.
 C = Inter-level travel turns spent in this place as a percentage of turns spent in this place.
 D = Turns resting spent in this place as a percentage of non-inter-level travel turns spent in this place.
 E = Turns spent auto-exploring this place as a percentage of non-inter-level travel turns spent in this place.
 F = Non-inter-level travel turns spent in this place divided by the number of levels of this place that you've seen.
                   A       B       C       D       E      F
               +-------+-------+-------+-------+-------+----------------------
         Total | 100.0 | 100.0 |   0.1 |   0.0 |   0.0 | 167.2
       Dungeon | 100.0 | 100.0 |   0.1 |   0.0 |   0.0 | 167.2
               +-------+-------+-------+-------+-------+----------------------

Table legend:
 A = Kills in this place as a percentage of kills in entire the game.
 B = Kills by you in this place as a percentage of kills by you in the entire game.
 C = Kills by friends in this place as a percentage of kills by friends in the entire game.
 D = Other kills in this place as a percentage of other kills in the entire game.
 E = Experience gained in this place as a percentage of experience gained in the entire game.
 F = Experience gained in this place divided by the number of levels of this place that you have seen.
                   A       B       C       D       E      F
               +-------+-------+-------+-------+-------+----------------------
         Total | 100.0 | 100.0 |  -nan |  -nan | 100.0 |  21.2
       Dungeon | 100.0 | 100.0 |  -nan |  -nan | 100.0 |  21.2
               +-------+-------+-------+-------+-------+----------------------

Vault maps used:
D:1:      dpeg_arrival_pits, xom_teletrap_fun
D:2:      gammafunk_temple_overflow_statue
D:3:      minmay_misc_feat_tiny, nicolae_qazlal_eye_of_the_storm
D:4:      kennysheep_ying_yang, serial_shops, nicolae_shop_trees,
          chequers_big_river, corexii_checkpoint_b, uniq_grinder
D:5:      first_bread, uniq_menkaure
